 Dungeon Crawl Stone Soup version 0.31-a0-1159-g800acc2fd1 (webtiles) character file.

Game seed: 16546883618039812900

109 Malachi the Changeling (level 4, -10/45 HPs)
             Began as an Ogre Shapeshifter on Dec 8, 2023.
             Blown up by Ijyb (14 damage)
             ... with a mindburst bolt
             ... on level 3 of the Dungeon.
             The game lasted 00:01:38 (2164 turns).

Malachi the Changeling (Ogre Shapeshifter)          Turns: 2164, Time: 00:01:39

Health: -10/45     AC:  3    Str: 20    XL:     4   Next: 89%
Magic:  4/4        EV: 10    Int: 11    God:
Gold:   147        SH:  0    Dex:  8    Spells: 3/3 levels left

rFire   . .          .
                       - Unarmed
rCold   . . .        (no shield)
rNeg    . . .        a - +0 animal skin
rPois   .            (helmet currently unavailable)
rElec   .            (cloak currently unavailable)
rCorr   .            (gloves unavailable)
SInv    .            (boots unavailable)
Will    .....        (no amulet)
Stlth   +            (no ring)
HPRegen 0.27/turn    (no ring)
MPRegen 0.09/turn

%: no passive effects
@: beast-form
A: beast (slay +2), large, unfitting armour, tough skin 1
a: Begin Untransformation


You were on level 3 of the Dungeon.
You were a hulking beast.
You visited 1 branch of the dungeon, and saw 3 of its levels.

You collected 147 gold pieces.

Inventory:

Armour
 a - a +0 animal skin (worn)
Talismans
 c - a beast talisman
 d - a flux talisman
Wands
 e - a wand of flame (22)
 m - a wand of paralysis (10)
Scrolls
 h - a scroll of revelation
 j - 2 scrolls of silence {unknown}
 l - a scroll of blinking {unknown}
Potions
 b - 3 potions of lignification
 f - 2 potions of berserk rage {unknown}
 g - 3 potions of curing {unknown}
 i - a potion of enlightenment {unknown}
 k - a potion of ambrosia {unknown}
 n - a potion of attraction {unknown}
 o - a potion of brilliance {unknown}


   Skills:
 + Level 3.1 Fighting
 + Level 2.6 Dodging
 + Level 3.3 Unarmed Combat
 + Level 3.6 Shapeshifting


You had 3 spell levels left.
You didn't know any spells.
Your spell library contained the following spells:

 Spells                   Type           Power      Damage    Failure   Level
 Cigotuvi's Dreadful Rot  Necr/Pois/Air  0%         N/A       47%         2
 Ignite Poison            Fire/Tmut/Pois 0%         N/A       71%         3
 Freezing Cloud           Conj/Ice/Air   0%         6-21      100%        5


Dungeon Overview and Level Annotations

Branches:
Dungeon (3/15)

Altars:
Makhleb

Shops:
D:1 *

Annotations:
D:3 Ijyb


Innate Abilities, Weirdness & Mutations

You are a hulking beast.
Your limbs bulge with bestial killing power. (Slay +2)
You are too large for most types of armour.
You have tough skin. (AC +1)


Message History

Ijyb hits you with a +0 dagger.
You completely miss Ijyb.
Ijyb is lightly wounded.
Ijyb closely misses you.
You barely miss Ijyb.
Ijyb is lightly wounded.
Ijyb barely misses you.
You hit Ijyb but do no damage.
Ijyb is lightly wounded.
Ijyb hits you with a +0 dagger.
You hit Ijyb.
Ijyb is lightly wounded.
Ijyb hits you with a +0 dagger.
You hit Ijyb.
Ijyb is moderately wounded.
Ijyb hits you with a +0 dagger.
You hit Ijyb but do no damage.
Ijyb is moderately wounded.
Ijyb hits you with a +0 dagger.
You hit Ijyb but do no damage.
Ijyb is moderately wounded.
Ijyb zaps a wand.
Your mind is blasted!
* * * LOW HITPOINT WARNING * * *
You barely miss Ijyb. Your punch misses Ijyb.
Ijyb is moderately wounded.
Ijyb hits you with a +0 dagger.
* * * LOW HITPOINT WARNING * * *
You hit Ijyb but do no damage.
Ijyb is moderately wounded.
Ijyb misses you.
You hit Ijyb.
Ijyb is heavily wounded.
Ijyb barely misses you.
You hit Ijyb.
Ijyb is heavily wounded.
Ijyb zaps a wand.
You barely resist. You hit Ijyb but do no damage.
Ijyb is heavily wounded.
Ijyb zaps a wand.
Your mind is blasted!
You die...

######## .......#
#.####.#
#>####)#########
#.#............#
#.#.#..#######.#
#.#.#.## #####.#
#.#.#.# ##.....#######
#.#.#.##..[.....h....#
....#.##.#.######g##.#
..###.# # ... ......#
#### ..##### [.# ### #
#


You could see Ijyb.

Vanquished Creatures
  An iguana (D:3)
  Jessica (D:2)
  2 adders
  3 orcs (D:3)
  3 endoplasms
  3 giant cockroaches
  5 hobgoblins
  2 ball pythons (D:3)
  4 bats
  A frilled lizard (D:2)
  3 goblins
  3 kobolds (D:1)
  3 rats
34 creatures vanquished.

Notes
Turn   | Place    | Note
-------+----------+-------------------------------------------
     0 | D:1      | Malachi the Ogre Shapeshifter began the quest for the Orb.
     0 | D:1      | Reached XP level 1. HP: 19/19 MP: 1/1
   204 | D:1      | Reached XP level 2. HP: 28/28 MP: 2/2
   374 | D:1      | Found Roablubu's Assorted Antiques.
   838 | D:2      | Noticed Jessica
   844 | D:2      | Killed Jessica
   845 | D:2      | Reached XP level 3. HP: 27/36 MP: 3/3
   974 | D:2      | Found a burning altar of Makhleb.
  1217 | D:2      | Reached XP level 4. HP: 42/44 MP: 4/4
  2143 | D:3      | Noticed Ijyb
  2164 | D:3      | Blown up by Ijyb

Illustrated notes

Levels and vault maps discovered:
D:1:      ldierk_walled_garden_2, layout_basic, serial_shops,
          nicolae_shop_overgrown_old_shop
D:2:      layout_loops_corners, basic_altar, kennysheep_flooded_box,
          uniq_jessica
D:3:      layout_loops_ring, nicolae_ru_awakened_eye,
          mainiacjoe_overflow_divided_tiny, hangedman_decor_growths, uniq_ijyb

Skill      XL: |  1  2  3  4 |
---------------+-------------+-----
Dodging        | 2 |  2.6
Fighting       | 2 3 |  3.1
Unarmed Combat | 3 |  3.3
Shapeshifting  | |  3.6

Action                     |  1- 3 |  4- 6 || total
---------------------------+-------+-------++-------
  Melee: Unarmed           |    62 |    70 ||   132
         Punch             |     1 |     1 ||     2
    Use: Scroll            |     2 |       ||     2
 Armour: Animal skin       |    41 |    33 ||    74
  Dodge: Dodged            |    24 |    25 ||    49

Table legend: (Time is in decaauts)
 A = Elapsed time spent in this place.
 B = Non-inter-level travel time spent in this place.
 C = Inter-level travel time spent in this place.
 D = Time resting spent in this place.
 E = Time spent auto-exploring this place.
 F = Levels seen in this place.
 G = Mean time per level.
                   A        B        C        D        E       F      G
               +--------+--------+--------+--------+--------+-----+--------+
         Total |   2156 |   2106 |     50 |    522 |   1329 |   3 |  718.7 |
       Dungeon |   2156 |   2106 |     50 |    522 |   1329 |   3 |  718.7 |
               +--------+--------+--------+--------+--------+-----+--------+

Top non-repeatable levels by time:
     D:1: 800 daAuts
     D:2: 789 daAuts
     D:3: 566 daAuts
